 Dungeon Crawl Stone Soup version 0.31-a0-806-g0bc164a743 (webtiles) character file.

Game seed: 9507184872090774744

222322 CrazyBamboolord the Metamorph (level 17, 0/138 (145) HPs)
             Began as a Green Draconian Shapeshifter on Sept 20, 2023.
             Was the Champion of Ru.
             Slain by a vault warden
             ... wielding a +3 battleaxe
              (28 damage)
             ... on level 3 of the Vaults on Sept 21, 2023.
             The game lasted 01:07:08 (41077 turns).

CrazyBamboolord the Metamorph (DrSh)               Turns: 41077, Time: 01:07:09

HP:   0/138 (145)   AC: 13    Str: 28    XL:     17   Next: 53%
MP:   17/17         EV: 19    Int: 13    God:    Ru [******]
Gold: 735           SH:  5    Dex: 14    Spells: 16/16 levels left

rFire   + .          .
                       - Unarmed
rCold   . . .        (no shield)
rNeg    . . .        (body armour unavailable)
rPois   +            (helmet restricted)
rElec   .            r - +1 cloak
rCorr   .            u - +0 pair of fencer's gloves {Riposte Dex+3}
SInv    .            B - +0 pair of boots
Will    ++...        i - amulet of reflection
Stlth   +++++        y - ring of Atih {rF+ Will+}
HPRegen 0.43/turn    Q - +6 ring of strength
MPRegen 0.15/turn

%: reflection
@: exhausted, maw-form, frozen, studying Shapeshifting, lightly drained, very
slow
A: devouring maw, breathe noxious fumes, AC +9, unfitting armour, stinger 1,
frail 1, poison resistance, cold-blooded, hated by all, no hexes magic, no
poison magic, no translocations magic, disrupted magic 2, inexperienced 1
}: 1/15 runes: serpentine
a: Breathe Noxious Fumes, Begin Untransformation, Renounce Religion, Draw Out
Power, Power Leap, Apocalypse


You were on level 3 of the Vaults.
You worshipped Ru.
Ru was exalted by your worship.
You were a creature with a mouth for a stomach.
You visited 6 branches of the dungeon, and saw 30 of its levels.

You collected 3738 gold pieces.
You spent 3003 gold pieces at shops.

Inventory:

Armour
 r - a +1 cloak (worn)
 u - the +0 pair of fencer's gloves (worn) {Riposte Dex+3}
   (You acquired it on level 7 of the Dungeon)

   Riposte:   It allows the wearer to riposte with melee weapons, swiftly
   retaliating against missed or blocked melee attacks.
   Dex+3:     It affects your dexterity (+3).
 B - a +0 pair of boots (worn)
 G - the +1 pair of gloves of Limitation {Rampage Str+6 Dex-3 Slay+2}
   (You found it on level 9 of the Dungeon)

   Str+6:     It affects your strength (+6).
   Dex-3:     It affects your dexterity (-3).
   Slay+2:    It affects your accuracy & damage with ranged weapons and melee
   (+2).
   Rampage:   It bestows one free step when moving towards enemies.
Jewellery
 i - an amulet of reflection (around neck)
 p - a ring of fire
 s - a ring of ice
 y - the ring of Atih (left hand) {rF+ Will+}
   (You acquired it on level 7 of the Dungeon)

   [ring of protection from fire]

   rF+:       It protects you from fire.
   Will+:     It increases your willpower.
 Q - a +6 ring of strength (right hand)
Talismans
 e - a maw talisman (active)
 J - a serpent talisman
 O - a blade talisman
Wands
 a - a wand of paralysis (30)
 l - a wand of polymorph (9)
 A - a wand of mindburst (20)
 H - a wand of flame (43)
 K - a wand of digging (10)
 W - a wand of light (3)
Scrolls
 d - 7 scrolls of enchant weapon
 g - 3 scrolls of fog
 h - 3 scrolls of revelation
 j - 4 scrolls of noise
 n - 6 scrolls of amnesia
 q - a scroll of poison {unknown}
 w - a scroll of vulnerability {unknown}
 x - 2 scrolls of blinking
 z - 9 scrolls of teleportation
 F - 2 scrolls of fear
 L - 5 scrolls of immolation
 R - a scroll of summoning {unknown}
Potions
 b - 4 potions of lignification
 c - 5 potions of might
 f - 2 potions of ambrosia
 k - 4 potions of attraction
 m - 6 potions of brilliance
 o - 7 potions of magic
 v - 3 potions of enlightenment
 C - 2 potions of curing
 D - 3 potions of heal wounds
 I - 2 potions of cancellation
 M - 3 potions of haste
 N - 2 potions of berserk rage
 P - a potion of invisibility
 S - 3 potions of mutation
 T - 3 potions of resistance
 U - 2 potions of degeneration {unknown}
Miscellaneous
 E - a condenser vane
 X - a lightning rod (4/4)


   Skills:
 + Level 17.6 Fighting
 + Level 15.1 Dodging
 * Level 11.5 Stealth
 + Level 16.4 Unarmed Combat
 + Level 18.3 Shapeshifting


You had 16 spell levels left.
You didn't know any spells.
Your spell library contained the following spells:

 Spells                   Type           Power      Damage    Failure   Level
 Sandblast                Erth           0%         2d4       47%         1
 Passwall                 Tmut/Erth      0%         N/A       61%         2
 Wereblood                Tmut           0%         N/A       61%         2
 Hailstorm                Conj/Ice       0%         3d3       82%         3
 Ozocubu's Armour         Ice            0%         N/A       82%         3
 Stone Arrow              Conj/Erth      0%         3d7       82%         3
 Vampiric Draining        Necr           0%         2d6       82%         3
 Brom's Barrelling Bould  Conj/Erth      0%         2d3       99%         4
 Freezing Cloud           Conj/Ice/Air   0%         6-21      100%        5
 Irradiate                Conj/Tmut      0%         3d11      100%        5
 Lee's Rapid Deconstruct  Erth           0%         3d4*      100%        5
 Leda's Unmaking          Conj/Erth      0%         9d1       100%        6
 Starburst                Conj/Fire      0%         6d3       100%        6
 Ozocubu's Refrigeration  Ice            0%         4d7       100%        7
 Ignition                 Fire           0%         3d3       100%        8
 Lehudib's Crystal Spear  Conj/Erth      0%         10d2      100%        8
 Maxwell's Capacitive Co  Air            0%         ∞         100%        8
 Slow                     Hex            Unusable   N/A       N/A         1
 Summon Small Mammal      Summ           Unusable   N/A       N/A         1
 Lesser Beckoning         Tloc           Unusable   N/A       N/A         2
 Poisonous Vapours        Pois/Air       Unusable   N/A       N/A         2
 Call Canine Familiar     Summ           Unusable   N/A       N/A         3
 Confusing Touch          Hex            Unusable   N/A       N/A         3
 Dazzling Flash           Conj/Hex       Unusable   N/A       N/A         3
 Gell's Gravitas          Tloc           Unusable   N/A       N/A         3
 Inner Flame              Hex/Fire       Unusable   N/A       N/A         3
 Mephitic Cloud           Conj/Pois/Air  Unusable   N/A       N/A         3
 Sigil of Binding         Hex            Unusable   N/A       N/A         3
 Summon Guardian Golem    Hex/Summ       Unusable   N/A       N/A         3
 Teleport Other           Tloc           Unusable   N/A       N/A         3
 Volatile Blastmotes      Fire/Tloc      Unusable   2d10      N/A         3
 Fulminant Prism          Conj/Hex       Unusable   3d5       N/A         4
 Iskenderun's Mystic Bla  Conj/Tloc      Unusable   2d3       N/A         4
 Leda's Liquefaction      Hex/Erth       Unusable   N/A       N/A         4
 Olgreb's Toxic Radiance  Pois           Unusable   N/A       N/A         4
 Passage of Golubria      Tloc           Unusable   N/A       N/A         4
 Summon Ice Beast         Ice/Summ       Unusable   N/A       N/A         4
 Silence                  Hex/Air        Unusable   N/A       N/A         5
 Yara's Violent Unravell  Hex/Tmut       Unusable   3d3       N/A         5
 Simulacrum               Ice/Necr       Unusable   N/A       N/A         6
 Enfeeble                 Hex            Unusable   N/A       N/A         7
 Discord                  Hex            Unusable   N/A       N/A         8

Dungeon Overview and Level Annotations

Branches:
Dungeon (15/15)            Temple (1/1) D:4            Lair (5/5) D:8
 Shoals (0/4) Lair:3        Snake (4/4) Lair:2        Slime (0/5) Lair:4
    Orc (2/2) D:12            Elf (0/3) Orc:2        Vaults (3/5) D:13
  Crypt (0/3) Vaults:2     Depths (0/4) D:15

Altars:
Ashenzari
Cheibriados
Dithmenos
Elyvilon
Gozag
Kikubaaqudgha
Makhleb
Nemelex Xobeh
Okawaru
Qazlal
Ru
Sif Muna
Trog
Uskayaw
Vehumet
Wu Jian
Xom
Zin
The Shining One

Shops:
Orc:1 :   Orc:2 ***(   Snake:2 !   Snake:3 :?!(


Innate Abilities, Weirdness & Mutations

You are a creature with a mouth for a stomach.
Your midsection houses a second, enormous mouth.
You can breathe blasts of noxious fumes.
Your lurid green scales are hard. (AC +9)
You cannot fit into any form of body armour.
Your tail ends in a venomous barb.
You are frail. (-10% HP)
Your system is resistant to poisons. (rPois)
You are cold-blooded and may be slowed by cold attacks.
You are hated by all.
You cannot study or cast Hexes magic.
You cannot study or cast Poison magic.
You cannot study or cast Translocations magic.
Your casting is disrupted.
You are somewhat inexperienced. (-1 XL)


Message History

The vault warden is moderately wounded.
The ironbound preserver mumbles some strange words.
The ironbound preserver begins to accept its allies' injuries.
The ironbound preserver closely misses you.
The vault warden hits you with a +3 battleaxe!!
You pummel the vault warden!! Your bite misses the vault warden.
The vault warden is moderately wounded.
You redirect the vault warden's attack!
The vault warden hits the vault warden with a +0 battleaxe!!
The vault warden closely misses you.
Unknown command.
You pummel the vault warden!! You bite the vault warden!
The vault warden is almost dead.
The ironbound preserver gestures wildly while chanting.
The ironbound preserver begins to accept its allies' injuries.
The vault warden barely misses you.
Unknown command.
You hit the vault warden but do no damage.
Your bite misses the vault warden.
The vault warden is almost dead.
The ironbound frostheart calls freezing cold from the walls.
The frost grips you!!
* * * LOW HITPOINT WARNING * * *
You are encased in ice.
The ironbound preserver closely misses you.
You riposte.
You pummel the ironbound preserver!! You bite the ironbound preserver.
The ironbound preserver is heavily wounded.
The ironbound preserver closely misses you.
You are restored by drawing out deep reserves of power within.
You feel drained. The vault warden barely misses you. x2
The ironbound preserver hits you but does no damage.
The ironbound preserver closely misses you.
Unknown command.
You hit the vault warden. Your bite misses the vault warden.
The vault warden is almost dead.
The vault warden hits you with a +0 battleaxe!!
* * * LOW HITPOINT WARNING * * *
The vault warden hits you with a +3 battleaxe!!
You die...

#......#...#
#......#...#
#......#...#
#.#......#...#
#.#......#...#
#.#.....)#...#
####.######+#...#
...............)########
................Wpp.....
...............ppp......
........................
........................
....####################
....# ....# #####


You could see 2 ironbound preservers, 2 vault wardens and an ironbound
frostheart (sheltered).

Vanquished Creatures
  Saint Roka (Vaults:1)
  A lich (Vaults:2)
  A sphinx (Vaults:3)
  4 nagarajas (Snake:4)
  A frost giant (Vaults:2)
  3 vault wardens
  2 orc warlords (Vaults:1)
  The ghost of dondy the Frost Mage, a journeyman DrIE of Cheibriados (D:14)
  7 ironbound preservers
  2 war gargoyles (Vaults:1)
  A formless jellyfish (Vaults:1)
  4 ironbound thunderhulks
  A dire elephant (Lair:5)
  An ettin (D:12)
  The ghost of lis82 the Stormcaller, a journeyman DgAE (D:14)
  6 yaktaur captains
  5 hydras
  2 salamander tyrants
  2 great orbs of eyes
  6 ironbound frosthearts
  A catoblepas (Lair:5)
  An ice dragon (Lair:5)
  8 vault guards
  The ghost of PotatoSalad1221 the Corrupter of Planes, a journeyman DrFi of Lugonu (Lair:1)
  A peacekeeper (Vaults:1)
  10 centaur warriors
  A boulder beetle (D:11)
  6 anacondas
  2 tengu warriors
  15 naga warriors
  4 two-headed ogres
  7 death yaks
  Urug (D:12)
  14 naga sharpshooters
  An orc high priest (Orc:2)
  6 shock serpents
  A skyshark (Lair:4)
  Lodul (D:11)
  16 deep trolls
  3 spectral anacondas (Snake:4)
  6 salamander mystics
  3 anaconda zombies (Snake:4)
  4 wizards
  15 orc knights
  9 lindwurms
  5 ironbound convokers
  A harpy (Lair:3)
  13 naga ritualists
  3 anaconda skeletons (Snake:4)
  4 orc sorcerers
  A deep elf zephyrmancer (D:15)
  20 mana vipers
  19 ugly things
  4 oklob plants (Lair:4)
  A necromancer (D:15)
  2 cyclopes
  19 elephants
  A manticore (D:13)
  11 salamanders
  42 black mambas
  A centaur zombie (D:15)
  A guardian serpent (Snake:4)
  4 torpor snails (Lair:5)
  15 naga magi
  8 vault sentinels
  2 centaur skeletons (D:15)
  A gargoyle (D:11)
  Jeremiah (D:9)
  Joseph (D:10)
  2 unseen horrors (D:11)
  A freezing wraith (D:13)
  6 komodo dragons
  12 cane toads
  Psyche (D:10)
  3 efreet
  15 yaktaurs
  4 rime drakes
  6 anaconda simulacra (Snake:4)
  A tengu conjurer (D:11)
  A queen bee (Lair:1)
  6 trolls
  11 polar bears
  12 hornets
  Grinder (D:3)
  2 raiju (Lair:5)
  14 dream sheep (Lair:5)
  4 tyrant leeches (Lair:5)
  18 blink frogs
  9 slime creatures
  45 yaks
  A shadow (D:12)
  4 wraiths
  7 wyverns
  15 humans
  2 basilisks
  Grum (D:11)
  9 vampire mosquitoes
  12 wargs
  29 nagas
  An acid dragon (shapeshifter) (D:14)
  2 acid dragons
  16 water moccasins
  13 hell hounds (Lair:5)
  43 orc warriors
  2 ice beasts
  Pargi (D:4)
  9 ogres
  20 wolves
  15 black bears
  10 centaurs
  A kobold brigand (D:10)
  14 bullfrogs
  A gnoll sergeant (D:3)
  3 scorpions
  14 wights
  11 killer bees
  2 electric eels (D:12)
  14 howler monkeys
  4 hounds
  A jelly (D:6)
  Terence (D:3)
  A gnoll bouda (D:3)
  16 orc priests
  Jessica (D:2)
  3 iguanas
  25 orc wizards
  Natasha (twice) (D:2)
  5 hell rats (Lair:4)
  20 gnolls
  5 adders
  A white imp (D:6)
  A worm (D:2)
  4 dart slugs
  127 orcs
  5 ball pythons
  7 endoplasms
  A giant cockroach (D:3)
  11 goblins
  7 hobgoblins
  15 jackals
  19 kobolds
  4 quokkas
  2 bats
  2 frilled lizards (D:3)
  7 rats
1112 creatures vanquished.

Vanquished Creatures (others)
  Nessos (D:13)
  A harpy (Lair:3)
  An anaconda skeleton (Snake:4)
  An ugly thing (D:14)
  A naga mage (Snake:2)
  A torpor snail (Lair:5)
  A vault sentinel (Vaults:1)
  A cane toad (Lair:1)
  A hornet (Lair:5)
  A human (D:13)
  An acid dragon (D:11)
  A naga (Snake:4)
  A centaur (D:13)
  3 orcs
16 creatures vanquished.

Grand Total: 1128 creatures vanquished

Notes
Turn   | Place    | Note
-------+----------+-------------------------------------------
     0 | D:1      | CrazyBamboolord the Draconian Shapeshifter began the quest
                  | for the Orb.
     0 | D:1      | Reached XP level 1. HP: 16/16 MP: 1/1
   156 | D:1      | Reached XP level 2. HP: 14/23 MP: 2/2
   347 | D:1      | Reached skill level 4 in Shapeshifting
   390 | D:1      | Reached XP level 3. HP: 28/28 MP: 3/3
   913 | D:2      | Noticed Natasha
   921 | D:2      | Killed Natasha
   922 | D:2      | Reached XP level 4. HP: 17/35 MP: 4/4
  1117 | D:2      | Noticed Jessica
  1127 | D:2      | Killed Jessica
  1128 | D:2      | Reached skill level 5 in Shapeshifting
  1259 | D:2      | Noticed Natasha
  1267 | D:2      | Killed Natasha
  1268 | D:2      | Reached XP level 5. HP: 22/40 MP: 5/5
  1880 | D:3      | Reached skill level 6 in Shapeshifting
  1981 | D:3      | Reached XP level 6. HP: 47/47 MP: 6/6
  2067 | D:3      | Noticed Terence
  2089 | D:3      | Killed Terence
  2123 | D:3      | Reached skill level 7 in Shapeshifting
  2403 | D:3      | HP: 2/47 [orc wizard/+0 dagger (3)]
  2617 | D:3      | Noticed Grinder
  2635 | D:3      | Killed Grinder
  2636 | D:3      | Your scales start taking on a lurid green colour.
  2636 | D:3      | Reached XP level 7. HP: 45/56 MP: 7/7
  2636 | D:3      | Gained mutation: Your system is resistant to poisons.
                  | (rPois) [Green Draconian growth]
  3388 | D:3      | Found an ornate altar of the Wu Jian Council.
  3640 | D:4      | Noticed Pargi
  3645 | D:4      | Killed Pargi
  3646 | D:4      | Reached XP level 8. HP: 62/63 MP: 8/8
  3892 | D:4      | Found a staircase to the Ecumenical Temple.
  4087 | Temple   | Entered the Ecumenical Temple
  4124 | Temple   | Became a worshipper of Ru the Awakened
  4296 | D:5      | Entered Level 5 of the Dungeon
  4693 | D:5      | Found a white marble altar of Elyvilon.
  5373 | D:6      | Identified the amulet of Lanlaerr {RegenMP rN+ Str+3 Int-5
                  | Dex+6}
  5391 | D:6      | Reached skill level 5 in Unarmed Combat
  5418 | D:6      | Reached skill level 8 in Shapeshifting
  5665 | D:6      | Gained mutation: You are hated by all. [Ru sacrifice]
  5665 | D:6      | Reached * piety under Ru
  5665 | D:6      | Reached ** piety under Ru
  6306 | D:6      | Reached skill level 5 in Fighting
  6832 | D:6      | Found a shimmering altar of Xom.
  6918 | D:7      | Identified 2 scrolls of acquirement
  6918 | D:7      | Acquired the ring of Atih {rF+ Will+}
  6925 | D:7      | Acquired the +0 pair of fencer's gloves {Riposte Dex+3}
  6925 | D:7      | Found the +0 pair of fencer's gloves {Riposte Dex+3}
  6965 | D:7      | Reached XP level 9. HP: 64/74 MP: 9/9
  7129 | D:7      | Reached skill level 5 in Dodging
  7678 | D:8      | Reached skill level 9 in Shapeshifting
  7726 | D:8      | Reached XP level 10. HP: 86/86 MP: 10/10
  8200 | D:8      | Found a staircase to the Lair.
  8471 | D:9      | Noticed Jeremiah
  8491 | D:9      | Killed Jeremiah
  8695 | D:9      | Identified the +1 pair of gloves of Limitation {Rampage
                  | Str+6 Dex-3 Slay+2}
  9655 | D:10     | Entered Level 10 of the Dungeon
  9698 | D:10     | Noticed Joseph
  9709 | D:10     | Killed Joseph
  9788 | D:10     | Noticed Psyche
  9796 | D:10     | Killed Psyche
 10409 | D:11     | Noticed Lodul
 10454 | D:11     | Reached skill level 10 in Shapeshifting
 10485 | D:11     | Noticed Grum
 10506 | D:11     | Reached XP level 11. HP: 14/95 MP: 11/11
 10524 | D:11     | Killed Grum
 10867 | D:11     | Killed Lodul
 11282 | D:11     | Noticed a two-headed ogre
 11285 | D:11     | Noticed a boulder beetle
 11297 | D:11     | Noticed a two-headed ogre
 11419 | Lair:1   | Entered Level 1 of the Lair of Beasts
 11835 | Lair:1   | Reached skill level 10 in Fighting
 11969 | Lair:1   | Reached skill level 11 in Shapeshifting
 12026 | Lair:1   | Gained mutation: You are somewhat inexperienced. (-1 XL)
                  | [Ru sacrifice]
 12026 | Lair:1   | Reached XP level 10. HP: 93/93 MP: 10/10
 12026 | Lair:1   | Reached *** piety under Ru
 12133 | Lair:1   | Noticed PotatoSalad1221's ghost (journeyman DrFi)
 12155 | Lair:1   | Found a transporter.
 12185 | Lair:1   | Reached XP level 11. HP: 100/100 MP: 11/11
 12287 | Lair:1   | Found a transporter.
 12653 | Lair:2   | Reached skill level 10 in Unarmed Combat
 13671 | Lair:2   | Found a staircase to the Snake Pit.
 14131 | Lair:3   | Gained mutation: Your casting is slightly disrupted. [Ru
                  | sacrifice]
 14167 | Lair:3   | Found a staircase to the Shoals.
 14182 | Lair:3   | Reached skill level 10 in Dodging
 14343 | Lair:3   | Reached skill level 12 in Shapeshifting
 14389 | Lair:3   | Reached XP level 12. HP: 111/111 MP: 12/12
 17093 | Lair:5   | Entered Level 5 of the Lair of Beasts
 17511 | Lair:5   | Reached skill level 13 in Shapeshifting
 17541 | Lair:5   | Reached XP level 13. HP: 117/122 MP: 13/13
 17617 | Lair:5   | Gained mutation: Your casting is disrupted. [Ru sacrifice]
 17617 | Lair:5   | Reached **** piety under Ru
 17708 | Lair:5   | Found a runed translucent door.
 17787 | Lair:5   | Paralysed by a hornet for 2 turns
 19688 | D:12     | Gained mutation: You cannot study or cast Poison magic. [Ru
                  | sacrifice]
 19688 | D:12     | Gained mutation: You cannot study or cast Hexes magic. [Ru
                  | sacrifice]
 19688 | D:12     | Gained mutation: You cannot study or cast Translocations
                  | magic. [Ru sacrifice]
 19688 | D:12     | Reached ***** piety under Ru
 19882 | D:12     | Found a staircase to the Orcish Mines.
 20497 | Orc:1    | Entered Level 1 of the Orcish Mines
 20512 | D:12     | HP: 1/124 [ettin/+0 dire flail (32)]
 21002 | Orc:1    | Found Paso's Book Boutique.
 21297 | Orc:2    | Entered Level 2 of the Orcish Mines
 21308 | Orc:1    | Upgraded the game from 0.31-a0-801-gc67433417a to
                  | 0.31-a0-806-g0bc164a743
 21477 | Orc:2    | Found a staircase to the Elven Halls.
 21518 | Orc:2    | Paralysed by an orc sorcerer for 3 turns
 21827 | Orc:2    | Found Diwum's General Store.
 21834 | Orc:2    | Found Jato's General Store.
 21884 | Orc:2    | Gained mutation: Your tail ends in a venomous barb. [Green
                  | Draconian growth]
 21884 | Orc:2    | Reached XP level 14. HP: 113/133 MP: 14/14
 21909 | Orc:2    | Bought a scroll of acquirement for 780 gold pieces
 21909 | Orc:2    | Bought a potion of heal wounds for 75 gold pieces
 21909 | Orc:2    | Acquired a manual of Shapeshifting
 22080 | Orc:2    | Found Vomuin's General Store.
 22108 | Orc:2    | Reached skill level 14 in Shapeshifting
 22118 | Orc:2    | Found Eraekoth's Weapon Shoppe.
 22375 | Orc:2    | Gained mutation: You are frail. (-10% HP) [Ru sacrifice]
 22375 | Orc:2    | Reached ****** piety under Ru
 22531 | D:13     | Noticed Urug
 22531 | D:13     | Noticed Nessos
 22531 | D:13     | Found a gate to the Vaults.
 22545 | D:12     | Killed Urug
 22680 | D:13     | Killed Nessos
 23886 | D:14     | Found a runed translucent gate.
 23887 | D:14     | Found a runed translucent gate.
 23887 | D:14     | Found a runed translucent gate.
 23888 | D:14     | Noticed dondy's ghost (journeyman DrIE)
 23888 | D:14     | Noticed lis82's ghost (journeyman DgAE)
 24559 | D:15     | Entered Level 15 of the Dungeon
 24660 | D:15     | Reached skill level 15 in Fighting
 25126 | D:15     | Found a staircase to the Depths.
 25130 | D:15     | Reached skill level 15 in Shapeshifting
 25788 | Lair:1   | Killed PotatoSalad1221's ghost
 26159 | Lair:4   | Found a staircase to the Slime Pits.
 26671 | D:14     | Killed dondy's ghost
 26677 | D:14     | Killed lis82's ghost
 26904 | Snake:1  | Entered Level 1 of the Snake Pit
 26910 | Snake:1  | HP: 5/121 [naga warrior/+0 trident of flaming (25)]
 26911 | Lair:2   | HP: 2/121 [poisoned by a naga warrior (splash of poison)]
 29044 | Snake:1  | Reached skill level 1 in Stealth
 29044 | Snake:1  | Reached XP level 15. HP: 67/126 MP: 15/15
 30560 | Snake:2  | Found Ateahyn's Distillery.
 30565 | Snake:2  | Bought a potion of mutation for 152 gold pieces
 30565 | Snake:2  | Bought 2 potions of magic for 304 gold pieces
 30565 | Snake:2  | Bought a potion of lignification for 57 gold pieces
 30565 | Snake:2  | Bought a potion of heal wounds for 95 gold pieces
 30565 | Snake:2  | Bought 2 potions of cancellation for 304 gold pieces
 30565 | Snake:2  | Bought a potion of haste for 190 gold pieces
 30565 | Snake:2  | Bought a potion of heal wounds for 95 gold pieces
 30676 | Snake:2  | Reached skill level 16 in Shapeshifting
 30815 | Snake:2  | You fall into a shaft and drop 1 floor!
 30815 | Snake:3  | Found Tonnawaet's Distillery.
 30815 | Snake:3  | Found Xystrest's Book Shoppe.
 30815 | Snake:3  | Found Povvat's Weapon Emporium.
 30815 | Snake:3  | Found Nano Hum's Magic Scroll Shoppe.
 30821 | Snake:3  | Bought a scroll of blinking for 105 gold pieces
 30821 | Snake:3  | Bought a scroll of teleportation for 42 gold pieces
 30821 | Snake:3  | Bought a scroll of teleportation for 42 gold pieces
 30821 | Snake:3  | Bought a scroll of teleportation for 42 gold pieces
 30829 | Snake:3  | Bought a potion of might for 64 gold pieces
 30829 | Snake:3  | Bought a potion of mutation for 128 gold pieces
 30829 | Snake:3  | Bought a potion of invisibility for 128 gold pieces
 30829 | Snake:3  | Bought a potion of might for 64 gold pieces
 30829 | Snake:3  | Bought 2 potions of might for 128 gold pieces
 30829 | Snake:3  | Bought a potion of resistance for 160 gold pieces
 30829 | Snake:3  | Bought a potion of curing for 48 gold pieces
 31087 | Snake:2  | Reached skill level 15 in Unarmed Combat
 31381 | Snake:2  | Reached skill level 5 in Stealth
 32964 | Snake:4  | Entered Level 4 of the Snake Pit
 34032 | Snake:4  | Reached XP level 16. HP: 112/136 MP: 16/16
 35113 | Snake:3  | HP: 5/136 [poisoned by a naga mage (bolt of poison)]
 35410 | Snake:4  | Reached skill level 17 in Shapeshifting
 35527 | Snake:4  | Got a serpentine rune of Zot
 36563 | Vaults:1 | Entered Level 1 of the Vaults
 37945 | Vaults:1 | Noticed Saint Roka
 37978 | Vaults:1 | Killed Saint Roka
 38302 | Vaults:1 | HP: 2/131 [orc knight/+0 war axe (33)]
 38576 | Vaults:1 | Reached skill level 10 in Stealth
 38917 | Vaults:1 | Reached XP level 17. HP: 130/142 MP: 17/17
 39726 | Vaults:2 | Reached skill level 18 in Shapeshifting
 39928 | Vaults:2 | Noticed a lich
 39935 | Vaults:2 | Killed a lich
 39973 | Vaults:2 | Found a staircase to the Crypt.
 40534 | Vaults:2 | Reached skill level 15 in Dodging
 40800 | Vaults:2 | Identified the staff "Pasom" {rN+ Necro Poison}
 41077 | Vaults:3 | Slain by a vault warden

Illustrated notes

Levels and vault maps discovered:
D:1:      lemuel_arrival_broad_hall, layout_rooms, minmay_unequal
D:2:      layout_basic, uniq_jessica, uniq_natasha
D:3:      lemuel_castle_with_subvaults [lemuel_castle_interior_carwin_3],
          layout_rooms, nicolae_wu_jian_wuxing_cycle, roderic_roman_lattice,
          uniq_terence, uniq_grinder
D:4:      layout_loops_ring, temple_doors_e, uniq_pargi
D:5:      layout_basic, lemuel_doored_altar
D:6:      layout_layer_cave, lemuel_tele_altar, nzn_hepliaklqana_mist_gate
D:7:      layout_basic
D:8:      layout_basic, lair_entry_dummy, special_room [special_room_orc]
D:9:      layout_basic, nicolae_figureground_sparkle, uniq_jeremiah
D:10:     layout_loops_ring, uniq_psyche, uniq_joseph
D:11:     layout_small_grid, minmay_circle_x, uniq_lodul, uniq_grum
D:12:     layout_roguey, erik_orc_2, serial_glass, glass_columns_a,
          glass_columns_a, st_stairs_12, minivault_24
D:13:     layout_basic, david_vaults_3, uniq_urug
D:14:     layout_roguey, gammafunk_ghost_cemetery, minmay_staircase_bubble,
          amcnicky_mini_pool_medium
D:15:     grunt_enter_depths_magical_seal, layout_irregular_city
Temple:   dpeg_five_rooms_temple
Lair:1:   layout_regular_city, gammafunk_ghost_hive
Lair:2:   layout_cave_pods, nicolae_snake_entry_squirm, grunt_megastairs_2
Lair:3:   layout_gridlike, nicolae_shoals_entry_roost, serial_rivers,
          chequers_serial_rivers_micro_d, chequers_serial_rivers_marsh,
          chequers_serial_rivers_micro_b, chequers_serial_rivers_micro_c,
          chequers_serial_rivers_micro_c, chequers_serial_rivers_micro_a,
          serial_bayou_shore_b
Lair:4:   beargit_carnivore_pack, layout_small_grid,
          minmay_slime_entry_oklob_enclosed, grunt_megastairs_4
Lair:5:   wormcave, layout_regular_city, hangedman_lair_caniforms_friends,
          infiniplex_staircase_pool_2, grunt_megastairs_3
Snake:1:  cheibrodos_forgotten_conduit, layout_layer_cave
Snake:2:  layout_misc_corridors, serial_shops, nicolae_shop_hallway_stairs,
          grunt_megastairs_5
Snake:3:  layout_chambers, special_room, statue_in_the_mist_lemuel,
          minmay_shoptagon
Snake:4:  snake_pit, layout_gridlike, nicolae_snake_dead_anacondas
Orc:1:    layout_caves, serial_shops, shop_statue
Orc:2:    st_orc_town, layout_caves, basic_altar
Vaults:1: ontoclasm_vaults_hangar, v_misc_10, v_misc_26,
          nicolae_vaults_little_squares_4, nicolae_vaults_trapezoid_layered,
          nicolae_vaults_double_plus_1, nicolae_vaults_two_Ls, vaults_mumra_hex,
          nicolae_vaults_mini_display_case, layout_vaults_chaotic_city,
          uniq_saint_roka
Vaults:2: vaults_standard_mumra_enter_the_diamond,
          minmay_crypt_entry_nasty_monster, ontoclasm_vaults_loading_screen,
          vaults_room_corners, nicolae_vaults_enemy_cabinets,
          vaults_dpeg_emergency_exit, layout_vaults_omnigrid
Vaults:3: v_misc_17, nicolae_vaults_halls_meeting, v_alt_pattern_2, v_misc_15,
          nicolae_vaults_bisected_slash, ontoclasm_vaults_spin,
          ontoclasm_vaults_idyll, nicolae_vaults_stepped_doors,
          nicolae_vaults_tetromino_Z_1, vaults_room_corners,
          vaults_room_door_hall, hangedman_vaults_cutoff,
          layout_vaults_omnicross

Skill      XL: |  1  2  3  4  5  6  7  8  9 10 11 12 13 14 15 16 17 |
---------------+----------------------------------------------------+-----
Shapeshifting  | 4 5 6 7 8 9 10 12 13 15 16 17 18 | 18.3
Dodging        | 2 3 4 6 7 10 11 12 13 14 15 | 15.1
Fighting       | 2 3 5 7 8 11 13 14 15 16 17 | 17.6
Unarmed Combat | 4 5 7 8 11 12 13 14 15 16 | 16.4
Stealth        | 1 7 10 11 | 11.5

Action                     |  1- 3 |  4- 6 |  7- 9 | 10-12 | 13-15 | 16-18 || total
---------------------------+-------+-------+-------+-------+-------+-------++-------
  Melee: Unarmed           |    95 |   219 |   343 |   856 |  1316 |   531 ||  3360
         Tailslap          |     8 |    30 |    62 |   228 |   285 |   149 ||   762
         Punch             |     2 |     4 |       |    70 |   160 |    81 ||   317
         Maw               |       |       |       |   332 |   598 |   266 ||  1196
 Invoke: Sacrifice Love    |       |       |     1 |       |       |       ||     1
         Sacrifice Experie |       |       |       |     1 |       |       ||     1
         Reject Sacrifices |       |       |       |     1 |       |       ||     1
         Sacrifice Essence |       |       |       |     1 |     1 |       ||     2
         Power Leap        |       |       |       |       |     3 |     7 ||    10
         Apocalypse        |       |       |       |       |     1 |     1 ||     2
         Sacrifice Arcana  |       |       |       |       |     1 |       ||     1
         Sacrifice Health  |       |       |       |       |     1 |       ||     1
         Draw Out Power    |       |       |       |       |     1 |     1 ||     2
Ability: Breathe Noxious F |       |       |    14 |    14 |    13 |       ||    41
  Evoke: Wand              |       |       |       |     1 |       |       ||     1
         Lightning rod     |       |       |       |       |     4 |       ||     4
         Condenser vane    |       |       |       |       |     1 |     1 ||     2
    Use: Potion            |       |     2 |       |     7 |     9 |     6 ||    24
         Scroll            |       |       |     5 |    10 |     9 |     5 ||    29
   Stab: Sleeping          |       |     1 |       |       |     2 |     7 ||    10
         Confused          |       |       |     4 |    15 |     4 |       ||    23
         Distracted        |       |       |     1 |     1 |     7 |     7 ||    16
         Invisible         |       |       |       |     2 |    20 |     7 ||    29
         Petrified         |       |       |       |     2 |     5 |       ||     7
         Petrifying        |       |       |       |     1 |       |       ||     1
         Paralysed         |       |       |       |       |     7 |    10 ||    17
 Armour: Skin              |    51 |   110 |   146 |   586 |   695 |   306 ||  1894
  Dodge: Dodged            |    52 |   120 |   165 |   589 |   862 |   308 ||  2096
  Block: Other             |       |    46 |    69 |   177 |   268 |    77 ||   637
         Reflection        |       |     4 |     3 |     5 |    17 |     8 ||    37
Riposte: Unarmed           |       |       |    27 |   206 |   263 |    98 ||   594
   Form: Flux              |       |     1 |       |       |       |       ||     1
         Maw               |       |       |       |     1 |     2 |       ||     3
         Anaconda          |       |       |       |     1 |       |       ||     1
         Blade             |       |       |       |       |     2 |       ||     2

Table legend: (Time is in decaauts)
 A = Elapsed time spent in this place.
 B = Non-inter-level travel time spent in this place.
 C = Inter-level travel time spent in this place.
 D = Time resting spent in this place.
 E = Time spent auto-exploring this place.
 F = Levels seen in this place.
 G = Mean time per level.
                   A        B        C        D        E       F      G
               +--------+--------+--------+--------+--------+-----+--------+
         Total |  40451 |  37942 |   2509 |   6949 |  24511 |  30 | 1348.4 |
       Dungeon |  16685 |  15286 |   1399 |   1791 |  10694 |  15 | 1112.3 |
        Temple |     72 |     12 |     60 |      0 |      0 |   1 |   72.0 |
          Lair |   9646 |   8951 |    695 |   1667 |   5829 |   5 | 1929.2 |
     Snake Pit |   8069 |   7847 |    222 |   2342 |   4465 |   4 | 2017.2 |
  Orcish Mines |   1586 |   1514 |     72 |    147 |    949 |   2 |  793.0 |
        Vaults |   4390 |   4330 |     60 |   1002 |   2573 |   3 | 1463.3 |
               +--------+--------+--------+--------+--------+-----+--------+

Top non-repeatable levels by time:
  Lair:2: 3181 daAuts
Vaults:1: 2654 daAuts
 Snake:3: 2500 daAuts
 Snake:1: 2010 daAuts
 Snake:4: 1951 daAuts
  Lair:5: 1857 daAuts
  Lair:4: 1633 daAuts
    D:12: 1624 daAuts
 Snake:2: 1607 daAuts
     D:6: 1582 daAuts
Vaults:2: 1559 daAuts
     D:3: 1544 daAuts
  Lair:1: 1531 daAuts
     D:2: 1459 daAuts
  Lair:3: 1441 daAuts
